 Dungeon Crawl Stone Soup version 0.28.0-53-g5a82cb258f (webtiles) character file.

Game seed: 9694908375484146329

8577 Gabide the Fighter (level 11, -1/92 HPs)
             Began as a Mummy Berserker on June 3, 2022.
             Was an Elder of Trog.
             Slain by a cane toad (16 damage)
             ... on level 1 of the Lair of Beasts.
             The game lasted 00:18:25 (9772 turns).

Gabide the Fighter (Mummy Berserker)                Turns: 9772, Time: 00:18:26

Health: -1/92      AC: 16    Str: 24    XL:     11   Next: 11%
Magic:  11/11      EV: 19    Int: 10    God:    Trog [****..]
Gold:   516        SH:  0    Dex: 15    Spells: 10/10 levels left

rFire   x . .      SeeInvis .   q - +3 glaive (vamp)
rCold   + . .      Faith    +   (shield currently unavailable)
rNeg    + + +      Spirit   .   l - +1 ring mail of Weak Amelioration {Int+2 Dex+4}
rPois   ∞          Reflect  .   o - +0 helmet
rElec   .          Harm     .   B - +0 cloak
rCorr   .          Rampage  .   k - +2 pair of gloves
Will    +....                   v - +0 pair of boots
Stlth   +.........              u - amulet of faith
HPRegen 0.25/turn               n - +4 ring of protection
MPRegen 0.12/turn               y - +4 ring of evasion

@: no status effects
A: cold resistance 1, negative energy resistance 3, torment resistance 2, heat
vulnerability 1, no potions
a: Renounce Religion, Trog's Hand, Brothers in Arms


You were on level 1 of the Lair of Beasts.
You worshipped Trog.
Trog was greatly pleased with you.
You visited 2 branches of the dungeon, and saw 9 of its levels.

You collected 516 gold pieces.

Inventory:

Hand Weapons
 e - a +4 whip of flaming
 q - a +3 vampiric glaive (weapon)
 s - a +1 scimitar of protection
 t - a +0 hunting sling
Missiles
 f - 305 stones (quivered)
Armour
 k - a +2 pair of gloves (worn)
 l - the +1 ring mail of Weak Amelioration (worn) {Int+2 Dex+4}
   (You found it on level 2 of the Dungeon)

   Int:       It affects your intelligence (+2).
   Dex:       It affects your dexterity (+4).
 o - a +0 helmet (worn)
 v - a +0 pair of boots (worn)
 B - a +0 cloak (worn)
Jewellery
 a - a ring of magical power
 g - a +6 ring of strength
 i - a +6 ring of intelligence
 j - a ring of ice
 n - a +4 ring of protection (left hand)
 u - an amulet of faith (around neck)
 y - a +4 ring of evasion (right hand)
 A - a ring of fire
Wands
 p - a wand of digging (6)
 w - a wand of iceblast (9)
 z - a wand of acid (11)
Scrolls
 c - 3 scrolls of teleportation
 d - 4 scrolls of magic mapping
 h - a scroll of fog
 m - 2 scrolls of vulnerability
 r - a scroll of holy word
 x - a scroll of blinking
 C - a scroll of identify


   Skills:
 + Level 10.5 Fighting
 - Level 1.5 Armour
 + Level 8.6 Dodging
 + Level 8.9 Unarmed Combat


You had 10 spell levels left.
You didn't know any spells.
Your spell library was empty.

Dungeon Overview and Level Annotations

Branches:
Dungeon (8/15)             Temple (0/1) D:7            Lair (1/6) D:8

Altars:
Qazlal
Trog
Xom
Yredelemnul
The Shining One

Shops:
D:3 [   D:6 (   D:7 [   D:8 (

Annotations:
D:6 2 runed translucent doors, NoAnimeNoLife's ghost, novice MiFi


Innate Abilities, Weirdness & Mutations

You are immune to poison.
Your flesh is cold resistant. (rC+)
You are immune to negative energy. (rN+++)
You are immune to unholy pain and torment.
You are vulnerable to heat. (rF-)
You do not drink.


Message History

The cane toad is heavily wounded.
The cane toad stings you but does no damage.
The cane toad stings you!
* * * LOW HITPOINT WARNING * * *
You closely miss the cane toad.
The cane toad is heavily wounded.
The cane toad barely misses you. The cane toad closely misses you.
You closely miss the cane toad.
The cane toad is heavily wounded.
The cane toad closely misses you. The cane toad completely misses you.
You slash the cane toad!
You feel better.
The cane toad is severely wounded.
The cane toad stings you!
* * * LOW HITPOINT WARNING * * *
The cane toad closely misses you.
You closely miss the cane toad.
The cane toad is severely wounded.
The cane toad stings you.
* * * LOW HITPOINT WARNING * * *
The cane toad barely misses you.
You hit the cane toad.
The cane toad is severely wounded.
The cane toad closely misses you. x3
You barely miss the cane toad.
The cane toad is severely wounded.
The cane toad misses you. x2
You hit the cane toad.
You feel better.
The cane toad is severely wounded.
The cane toad stings you!
* * * LOW HITPOINT WARNING * * *
The cane toad stings you.
* * * LOW HITPOINT WARNING * * *
Throw: dart (curare)
Press: ? - help, Q - select action, (/) - cycle Shift-Dir - straight line, f - cane toad
Aim: a cane toad (severely wounded, 68% to hit)
You throw a curare-tipped dart.
The curare-tipped dart hits the cane toad.
The cane toad is severely wounded.
The cane toad stings you!
You die...

#......#
####....#.###..
####..## ######
#... #..## #
###. ##..#
#####.# #. #..#
.#..... ##
#..##....... #
#..#........ #
#..#.†......
##..@F......
#..#....... ##
#..#....... #.
##.##../... #.
#.# ...... #..
#.# #..... >...
#.. #...# .....
#.. .... .....
....


You could see a cane toad.

Vanquished Creatures
  A two-headed ogre (D:6)
  3 death yaks (D:8)
  Pikel (D:5)
  Maurice (D:8)
  A komodo dragon (Lair:1)
  Prince Ribbit (D:8)
  A troll (D:7)
  5 blink frogs (Lair:1)
  Sigmund (D:6)
  6 humans (D:6)
  A steam dragon (D:8)
  An acid dragon (D:8)
  4 water moccasins
  A sky beast (D:7)
  2 hornet zombies
  A black bear (D:5)
  A necrophage (D:5)
  2 ogres
  3 centaurs (D:7)
  Blork the orc (D:4)
  4 scorpions
  2 bullfrogs (Lair:1)
  A water moccasin skeleton (D:5)
  A centaur zombie (D:8)
  A jelly (D:6)
  A gnoll shaman (D:7)
  An orc priest (D:7)
  5 hounds (D:5)
  A bullfrog skeleton (D:5)
  2 iguanas
  Ijyb (D:3)
  Natasha (thrice) (D:4)
  2 orc wizards
  2 hell rats (D:8)
  A killer bee zombie (D:6)
  2 hound skeletons
  A hound zombie (D:5)
  Robin (D:3)
  3 gnolls (D:7)
  2 howler monkey zombies
  9 adders
  3 river rats (D:8)
  2 shadow imps
  An adder skeleton (D:4)
  6 worms
  A dart slug (D:5)
  11 orcs
  A bat (D:2)
  7 endoplasms
  4 giant cockroaches
  7 goblins
  8 hobgoblins
  4 jackals (D:1)
  6 quokkas
  5 ball pythons
  4 frilled lizards
  11 kobolds
  A quokka skeleton (D:4)
  5 rats
171 creatures vanquished.

Vanquished Creatures (others)
  A gnoll (D:7)
1 creature vanquished.

Grand Total: 172 creatures vanquished

Notes
Turn   | Place    | Note
-------+----------+-------------------------------------------
     0 | D:1      | Gabide the Mummy Berserker began the quest for the Orb.
     0 | D:1      | Reached XP level 1. HP: 18/18 MP: 1/1
   239 | D:1      | Reached XP level 2. HP: 16/24 MP: 2/2
   372 | D:1      | Found a faded altar of an unknown god.
   882 | D:2      | Found a basalt altar of Yredelemnul.
  1176 | D:2      | Reached XP level 3. HP: 20/29 MP: 3/3
  2011 | D:2      | Reached ** piety under Trog
  2019 | D:2      | Reached XP level 4. HP: 24/37 MP: 4/4
  2214 | D:2      | Noticed a scorpion
  2234 | D:2      | Killed a scorpion
  2235 | D:2      | Reached skill level 4 in Fighting
  2235 | D:2      | Reached XP level 5. HP: 22/42 MP: 5/5
  2395 | D:2      | Identified the +1 ring mail of Weak Amelioration {Int+2
                  | Dex+4}
  2876 | D:3      | Found a shimmering altar of Xom.
  2892 | D:3      | Noticed Ijyb
  2915 | D:3      | Killed Ijyb
  2924 | D:3      | Found Lativid's Antique Armour Boutique.
  3092 | D:3      | Noticed Robin
  3115 | D:3      | Killed Robin
  3405 | D:4      | Noticed Natasha
  3406 | D:4      | Killed Natasha
  3438 | D:4      | Noticed Natasha
  3445 | D:4      | Killed Natasha
  3446 | D:4      | Reached XP level 6. HP: 49/49 MP: 6/6
  3582 | D:4      | Reached skill level 5 in Fighting
  3676 | D:4      | Noticed Blork the orc
  3681 | D:4      | Killed Blork the orc
  3707 | D:4      | Reached XP level 7. HP: 56/56 MP: 7/7
  3908 | D:4      | Reached *** piety under Trog
  4001 | D:4      | Found a bloodstained altar of Trog.
  4046 | D:4      | Noticed Natasha
  4054 | D:4      | Killed Natasha
  4220 | D:5      | Entered Level 5 of the Dungeon
  4308 | D:5      | Noticed Pikel
  4328 | D:5      | Killed Pikel
  4329 | D:5      | Reached skill level 6 in Fighting
  4329 | D:5      | Reached skill level 5 in Dodging
  4329 | D:5      | Reached skill level 5 in Unarmed Combat
  4329 | D:5      | Reached XP level 8. HP: 22/65 MP: 8/8
  5123 | D:5      | Reached skill level 7 in Fighting
  5279 | D:6      | Reached XP level 9. HP: 62/72 MP: 9/9
  5369 | D:6      | Found a large runed translucent door.
  5369 | D:6      | Found a large runed translucent door.
  5371 | D:6      | Noticed NoAnimeNoLife's ghost (novice MiFi)
  5445 | D:6      | Found Ixat's Weapon Emporium.
  5513 | D:6      | Noticed a two-headed ogre
  5535 | D:6      | Killed a two-headed ogre
  5535 | D:6      | Reached **** piety under Trog
  5536 | D:6      | Reached skill level 8 in Fighting
  5638 | D:6      | Noticed Sigmund
  5649 | D:6      | Killed Sigmund
  5848 | D:6      | Found a stormy altar of Qazlal.
  6658 | D:7      | Found a staircase to the Ecumenical Temple.
  6902 | D:7      | Reached XP level 10. HP: 62/82 MP: 10/10
  7030 | D:7      | Reached skill level 9 in Fighting
  7058 | D:7      | Found Qevay's Armour Boutique.
  7828 | D:8      | Noticed Maurice
  7847 | D:8      | Killed Maurice
  8007 | D:8      | Noticed a death yak
  8030 | D:8      | Noticed a death yak
  8031 | D:8      | Noticed a death yak
  8041 | D:8      | Killed a death yak
  8352 | D:8      | Found a staircase to the Lair.
  8453 | D:8      | Noticed Prince Ribbit
  8472 | D:8      | Killed Prince Ribbit
  8996 | D:8      | Killed a death yak
  8997 | D:8      | Reached skill level 10 in Fighting
  9005 | D:8      | Killed a death yak
  9217 | D:8      | Found Zuty's Weapon Shoppe.
  9280 | Lair:1   | Entered Level 1 of the Lair of Beasts
  9327 | Lair:1   | Reached XP level 11. HP: 80/92 MP: 11/11
  9772 | Lair:1   | Slain by a cane toad

Illustrated notes

Levels and vault maps discovered:
D:1:      doesnt_arrival_eight_statues, layout_basic,
          chequers_ecumenical_altar_simple_redux
D:2:      minmay_razor_zed, layout_loops_ring, basic_altar, item_on_display_a
D:3:      layout_loops_ring, lemuel_crystal_altar, serial_shops, shop,
          uniq_robin, uniq_ijyb
D:4:      layout_basic, mainiacjoe_overflow_six_doors_small, uniq_natasha,
          uniq_blork_the_orc
D:5:      layout_loops_ring, nicolae_tso_swordbearing_angel, uniq_pikel
D:6:      layout_loops_ring, kennysheep_mini_moat, ebering_ghost_disaster_area,
          serial_shops, kennysheep_little_box, minmay_ruffians, uniq_sigmund
D:7:      layout_cave_pods, minmay_temple_entry_ruins, serial_shops,
          nicolae_square_shop
D:8:      layout_cave_pods, dpeg_lair_monsters, serial_shops, shop,
          uniq_prince_ribbit1, uniq_maurice
Lair:1:   layout_cave_pods, patterned_corridor

Skill      XL: |  1  2  3  4  5  6  7  8  9 10 |
---------------+-------------------------------+-----
Dodging        | 2 3 5 7 8 |  8.6
Unarmed Combat | 3 4 5 6 7 8 |  8.9
Fighting       | 4 5 6 7 8 10 | 10.5
Armour         | |  1.5

Action                   |  1- 3 |  4- 6 |  7- 9 | 10-12 || total
-------------------------+-------+-------+-------+-------++-------
Melee: Unarmed           |   130 |    77 |       |       ||   207
       Punch             |     3 |     1 |       |       ||     4
       Whip              |       |    75 |     1 |       ||    76
       Glaive            |       |     1 |   229 |   172 ||   402
 Fire: Hunting sling     |       |       |     5 |       ||     5
Throw: Stone             |    25 |     3 |       |     2 ||    30
       Dart              |     1 |     6 |    12 |     8 ||    27
Invok: Trog's Hand       |       |     1 |       |       ||     1
Evoke: Wand              |       |     3 |       |     7 ||    10
  Use: Scroll            |     1 |     2 |     4 |     3 ||    10
Armor: Animal skin       |     2 |       |       |       ||     2
       Chain mail        |    38 |    20 |       |       ||    58
       Ring mail         |       |    60 |   115 |    58 ||   233
Dodge: Dodged            |    46 |    75 |   195 |   192 ||   508
